[Event "ICC Open 2015"]
[Site "Internet Chess Club"]
[Date "2015.05.30"]
[Round "5"]
[White "WayTooRighteous"]
[Black "Redbaron"]
[Result "0-1"]
[ICCResult "White checkmated"]
[WhiteElo "1933"]
[BlackElo "2436"]
[Opening "Trompowsky attack (Ruth, Opocenský opening)"]
[ECO "A45"]
[NIC "QP.07"]
[Time "19:42:37"]
[TimeControl "180+0"]

1. d4 Nf6 2. Bg5 e6 3. e4 h6 4. Bxf6 Qxf6 5. c3 d6 6. Nf3 Nd7 7. Nbd2 e5 8.
Nb3 g5 9. h3 Bg7 10. Bd3 O-O 11. O-O b6 12. d5 Qg6 13. Nh2 h5 14. f3 Nf6 15.
Qe2 g4 16. hxg4 hxg4 17. fxg4 Bxg4 18. Nxg4 Nxg4 19. Rf3 Nf6 20. Raf1 Nh5
21. Rf5 Ng3 22. Qf3 Nxf1 23. Bxf1 f6 24. Bb5 Rad8 25. a3 Bh6 26. Na1 Kf7 27.
Nc2 Ke7 28. Nb4 Kf7 29. Nc6 Ra8 30. Be2 Kg7 31. Qh3 Bg5 32. Bg4 Rh8 33. Qf3
Rh4 34. Ne7 Qh6 35. Bh3 Kf7 36. Nc6 Rg8 37. Nxe5+ dxe5 38. Rxe5 Be3+ 39. Kh2
Bf4+ 40. Kh1 Bxe5 41. Qf5 Qc1+ 42. Qf1 Qxf1# {White checkmated} 0-1

[Event "ICC Open 2015"]
[Site "Internet Chess Club"]
[Date "2015.05.30"]
[Round "5"]
[White "Kyekerz"]
[Black "Govindan"]
[Result "1-0"]
[ICCResult "Black forfeits on time"]
[WhiteElo "1273"]
[BlackElo "1429"]
[Opening "Ruy Lopez: old Steinitz defense"]
[ECO "C62"]
[NIC "RL.02"]
[Time "19:41:40"]
[TimeControl "180+0"]

1. e4 e5 2. Nf3 Nc6 3. Bb5 d6 4. O-O Bd7 5. c3 a6 6. Ba4 Nf6 7. Re1 Be7 8.
d4 exd4 9. cxd4 b5 10. Bc2 O-O 11. h3 h6 12. a3 Re8 13. Qd3 Na5 14. e5 dxe5
15. dxe5 Bc5 16. exf6 Rxe1+ 17. Kh2 Qxf6 18. Qh7+ Kf8 19. Nxe1 Qxf2 20. Nf3
Bd6+ 21. Kh1 Qxc2 22. Qxc2 Nc4 23. Qh7 Re8 24. Bd2 Bc6 25. Bc3 Bxf3 26. gxf3
Re3 27. Nd2 Nxd2 28. Bxd2 Re2 29. Qh8+ Ke7 30. Re1 Kf6 31. Bc3+
{Black forfeits on time}
1-0

[Event "ICC Open 2015"]
[Site "Internet Chess Club"]
[Date "2015.05.30"]
[Round "5"]
[White "paulmagriel"]
[Black "QuintilianoR"]
[Result "0-1"]
[ICCResult "White resigns"]
[WhiteElo "2059"]
[BlackElo "2572"]
[Opening "QGD: semi-Slav, Marshall gambit"]
[ECO "D31"]
[NIC "SL.06"]
[Time "19:41:40"]
[TimeControl "180+0"]

1. d4 d5 2. c4 e6 3. Nc3 c6 4. e4 dxe4 5. Nxe4 Bb4+ 6. Bd2 Qxd4 7. Bxb4
Qxe4+ 8. Ne2 Na6 9. Ba3 c5 10. Qd6 Bd7 11. O-O-O Nf6 12. Nc3 Qc6 13. Nb5
Qxd6 14. Nxd6+ Ke7 15. Nxb7 Rhc8 16. f3 Rab8 17. Nd6 Rc7 18. Nb5 Bxb5 19.
cxb5 Nb4 20. Kb1 Nfd5 21. Bc4 Ne3 22. Rc1 Nxc4 23. Rxc4 Rxb5 24. Rhc1 a5 25.
Rd1 Rd7 26. Rcc1 f6 27. g4 h6 28. h4 e5 29. h5 Nd3 30. Rc3 Nb4 31. Rxd7+
Kxd7 32. Bxb4 axb4 33. Rc4 Ke6 34. Kc2 Kd5 35. Re4 c4 36. a4 bxa3 37. bxa3
Rb3 38. a4 Rxf3 39. Kb2 Kxe4 {White resigns} 0-1

[Event "ICC Open 2015"]
[Site "Internet Chess Club"]
[Date "2015.05.30"]
[Round "5"]
[White "xyro"]
[Black "QuieroAprender"]
[Result "1-0"]
[ICCResult "Black forfeits on time"]
[WhiteElo "1870"]
[BlackElo "1451"]
[Opening "Queen's gambit declined"]
[ECO "D30"]
[NIC "QO.17"]
[Time "19:41:51"]
[TimeControl "180+0"]

1. d4 e6 2. c4 d5 3. Nf3 dxc4 4. e4 Bb4+ 5. Nc3 Bxc3+ 6. bxc3 Bd7 7. Bxc4 c6
8. O-O b5 9. Bd3 Ne7 10. e5 f5 11. exf6 gxf6 12. Bh6 Ng6 13. Re1 Kf7 14. Nd2
Na6 15. Ne4 Qc7 16. Qf3 f5 17. Ng5+ Kf6 18. Nxe6 Bxe6 19. Rxe6+ Kxe6 20.
Qxf5+ Kd6 21. Bf4+ Nxf4 22. Qxf4+ Kd7 23. Bf5+ Kd8 24. Qf3 Rf8 25. g4 Qd6
26. Re1 Nc7 27. Qh3 h6 28. Qh4+ Qf6 29. Qg3 a5 30. Re5 Rg8 31. Qf4 h5 32. h3
hxg4 33. hxg4 Qg5 34. Qe4 Nd5 35. Rxd5+ cxd5 36. Qxd5+ Ke7 37. Qe6+ Kf8 38.
Qd6+ {Black forfeits on time} 1-0

[Event "ICC Open 2015"]
[Site "Internet Chess Club"]
[Date "2015.05.30"]
[Round "5"]
[White "Philidor"]
[Black "penguingm1"]
[Result "0-1"]
[ICCResult "White checkmated"]
[WhiteElo "2212"]
[BlackElo "2829"]
[Opening "Scotch gambit: Dubois-Réti defense"]
[ECO "C55"]
[NIC "KP.02"]
[Time "19:41:34"]
[TimeControl "180+0"]

1. e4 e5 2. Nf3 Nc6 3. d4 exd4 4. Bc4 Nf6 5. e5 d5 6. Bb5 Ne4 7. Nxd4 Bc5 8.
Be3 Bd7 9. Bxc6 bxc6 10. O-O O-O 11. Nd2 Ng5 12. f4 Ne6 13. c3 Bxd4 14. cxd4
f5 15. exf6 Qxf6 16. Nf3 Rab8 17. Ne5 Be8 18. b3 g6 19. Rc1 Ng7 20. g3 Rb6
21. Rc2 Nf5 22. Bc1 Rb4 23. Ba3 Rxd4 24. Qf3 Re4 25. Bxf8 Nd4 26. Qf2 Nxc2
27. Bc5 Nb4 28. a3 Na6 29. Bd4 Qf5 30. b4 Nb8 31. Ba1 Nd7 32. Nf3 Nf6 33.
Qb2 Kf7 34. Ng5+ Ke7 35. Nxe4 Nxe4 36. Re1 Kd7 37. Qe5 Qg4 38. Kg2 Bf7 39.
Qg7 Qf5 40. Qe5 Qg4 41. Qd4 Kc8 42. Rxe4 dxe4 43. Qh8+ Kb7 44. Qd4 Qf3+ 45.
Kg1 e3 46. Qd3 Qf2+ 47. Kh1 Bd5+ 48. Qxd5 Qf1# {White checkmated} 0-1

[Event "ICC Open 2015"]
[Site "Internet Chess Club"]
[Date "2015.05.30"]
[Round "5"]
[White "nikenwidiartto"]
[Black "franco"]
[Result "1-0"]
[ICCResult "Black forfeits on time"]
[WhiteElo "1834"]
[BlackElo "1251"]
[Opening "Sicilian: closed, 2...Nc6"]
[ECO "B23"]
[NIC "SI.44"]
[Time "19:42:15"]
[TimeControl "180+0"]

1. e4 c5 2. Nc3 Nc6 3. Bb5 d6 4. Bxc6+ bxc6 5. f4 Nf6 6. Nf3 Bg4 7. O-O e5
8. d3 Be7 9. fxe5 dxe5 10. h3 Bh5 11. Qe1 Bd6 12. Qg3 Bg6 13. Bg5 h6 14. Qh4
Kd7 15. Bxf6 Qxf6 16. Qxf6 gxf6 17. Nh4 Be7 18. Nf5 Bxf5 19. Rxf5 Rhg8 20.
Raf1 Rg6 21. b3 Rag8 22. g4 Ke6 23. Kf2 h5 24. Rxh5 Rg5 25. Rxg5 fxg5 26.
Kg3 f6 27. Nd1 Kf7 28. Ne3 Rh8 29. Nc4 Rd8 30. Nxe5+ Ke6 31. Nxc6 Bd6+ 32.
Kg2 Rc8 33. Nxa7 Ra8 34. Nb5 Be5 35. a4 Rh8 36. Na3 Rc8 37. Nc4 Bf4 38. a5
Ra8 39. Ra1 Ra6 40. Ra4 Be5 41. Nxe5 {Black forfeits on time} 1-0

[Event "ICC Open 2015"]
[Site "Internet Chess Club"]
[Date "2015.05.30"]
[Round "5"]
[White "Yummyhat"]
[Black "jojowang"]
[Result "1-0"]
[ICCResult "Black resigns"]
[WhiteElo "1787"]
[BlackElo "1364"]
[Opening "King's Indian: Four pawns attack"]
[ECO "E76"]
[NIC "KI.31"]
[Time "19:42:27"]
[TimeControl "180+0"]

1. d4 Nf6 2. c4 g6 3. Nc3 Bg7 4. e4 d6 5. f4 O-O 6. Nf3 Bg4 7. Be2 Nbd7 8.
O-O Nb6 9. Be3 Re8 10. Rc1 e5 11. fxe5 dxe5 12. Nxe5 Bxe2 13. Qxe2 Qe7 14.
Bg5 Qe6 15. Qf2 Nbd7 16. Nxd7 Nxd7 17. Rce1 Qxc4 18. e5 c5 19. d5 Nxe5 20.
Rxe5 Rxe5 21. Qxf7+ Kh8 22. Bf6 Qd4+ 23. Kh1 Bxf6 24. Qxf6+ Kg8 25. d6 Rf5
26. Rxf5 gxf5 27. Qxd4 cxd4 28. Nb5 Re8 29. Kg1 Re1+ 30. Kf2 Rb1 31. Nxd4
Rxb2+ 32. Kf3 Rxa2 33. Nxf5 Ra4 34. d7 Ra3+ 35. Ke4 Ra5 36. d8=Q+
{Black resigns}
1-0

[Event "ICC Open 2015"]
[Site "Internet Chess Club"]
[Date "2015.05.30"]
[Round "5"]
[White "SCORPION83"]
[Black "PeritoGeral"]
[Result "0-1"]
[ICCResult "White forfeits on time"]
[WhiteElo "2965"]
[BlackElo "2048"]
[Opening "Budapest: Rubinstein variation"]
[ECO "A52"]
[NIC "QG.01"]
[Time "19:41:47"]
[TimeControl "180+0"]

1. d4 Nf6 2. c4 e5 3. dxe5 Ng4 4. Bf4 Bb4+ 5. Nd2 Nc6 6. Nf3 Qe7 7. e3 Ngxe5
8. Nxe5 Nxe5 9. Be2 d6 10. O-O O-O 11. Nb3 b6 12. a3 Bc5 13. Nxc5 bxc5 14.
b4 Bb7 15. bxc5 dxc5 16. Qc2 Bc6 17. Qc3 Ng6 18. Bg3 Nh4 19. Bxh4 Qxh4 20.
Qe5 Rfd8 21. Rfd1 Qe4 22. Qxe4 Bxe4 23. Bf3 Bxf3 24. gxf3 Kf8 25. Rab1 Ke7
26. Rxd8 Rxd8 27. Rb7 Rd1+ 28. Kg2 Kd7 29. Rxa7 Rc1 30. Ra4 g5 31. h3 h5 32.
f4 gxf4 33. exf4 h4 34. Kf3 f5 35. Kg2 Ke7 36. Ra8 Rxc4 37. a4 Rxf4 38. a5
Ra4 39. Rc8 Rxa5 40. Rxc7+ Kd6 41. Rh7 Ra4 42. Kf3 Re4 43. Rf7 Ke5 44. Re7+
Kd4 45. Rd7+ Kc3 46. Rd5 c4 47. Rxf5 Kd3 48. Rc5 Rd4 49. Re5 c3 50. Re3+ Kd2
51. Re2+ Kd3 52. Re3+ Kd2 53. Re2+ Kd1 54. Ke3 c2 55. Rxc2 Rd6 56. Rc4 Re6+
57. Re4 Rf6 58. f4 Rf7 {White forfeits on time} 0-1

[Event "ICC Open 2015"]
[Site "Internet Chess Club"]
[Date "2015.05.30"]
[Round "5"]
[White "Massarioli"]
[Black "thatchessguy"]
[Result "1-0"]
[ICCResult "Black forfeits on time"]
[WhiteElo "2153"]
[BlackElo "1829"]
[Opening "QGD Slav: 3.Nf3"]
[ECO "D11"]
[NIC "SL.01"]
[Time "19:42:11"]
[TimeControl "180+0"]

1. d4 d5 2. c4 c6 3. Nf3 e6 4. e3 Nf6 5. Bd3 Bd6 6. O-O Nbd7 7. Nc3 dxc4 8.
Bxc4 b5 9. Bd3 a6 10. a4 O-O 11. axb5 cxb5 12. Nxb5 Bb8 13. Nc3 Bb7 14. Qe2
a5 15. e4 e5 16. d5 Nc5 17. Bc2 Ba6 18. Qe3 Ba7 19. Qg5 Bxf1 20. Kxf1 h6 21.
Qh4 Rb8 22. Nxe5 Qc7 23. Nc6 Rbe8 24. Nxa7 Qxa7 25. Bxh6 gxh6 26. Qxf6 Qa6+
27. Qxa6 Nxa6 28. Rxa5 Nb4 29. Ba4 Ra8 30. Rb5 Nd3 31. Ke2 Ne5 32. f4 Ng6
33. g3 Rfb8 34. Kd3 Rxb5 35. Bxb5 Nf8 36. Kc4 Rd8 37. Bc6 Rb8 38. b4 f6 39.
b5 Kf7 40. b6 Ke7 41. e5 Nd7 42. Bxd7 Kxd7 43. Kc5 fxe5 44. fxe5 Rc8+ 45.
Kb4 Rb8 46. Na4 h5 47. Kb5 Re8 48. Nc5+ Kc8 49. e6 h4 50. gxh4 Kb8 51. Kc6
Rc8+ 52. Kd6 Rd8+ 53. Nd7+ Kb7 54. e7 Re8 55. Ke6 Ka6 56. d6
{Black forfeits on time}
1-0

[Event "ICC Open 2015"]
[Site "Internet Chess Club"]
[Date "2015.05.30"]
[Round "5"]
[White "MichelRocard"]
[Black "bythebook"]
[Result "1-0"]
[ICCResult "Black forfeits on time"]
[WhiteElo "1953"]
[BlackElo "1638"]
[Opening "Van't Kruijs opening"]
[ECO "A00"]
[Time "19:42:22"]
[TimeControl "180+0"]

1. e3 d5 2. b3 Bf5 3. Bb2 Nc6 4. Bb5 Nf6 5. f4 e6 6. Nf3 a6 7. Bxc6+ bxc6 8.
Nd4 Qd7 9. Nxf5 exf5 10. Bxf6 gxf6 11. Qf3 Bd6 12. Nc3 Rg8 13. O-O Rg6 14.
Na4 Ke7 15. c4 Bb4 16. d4 Rag8 17. g3 Qe6 18. cxd5 Qxd5 19. Rac1 Bd2 20.
Qxd5 cxd5 21. Rxc7+ Kd8 22. Rxf7 Bxe3+ 23. Kg2 Bxd4 24. Rd1 Be3 25. Rxd5+
Ke8 26. Rxh7 Bxf4 27. Rd3 Be5 28. Ra7 f4 29. Ra8+ Kf7 30. Rd7+ Ke6 31. Rxg8
Rxg8 32. Rd3 fxg3 33. hxg3 f5 34. Nc5+ Kf6 35. Nd7+ Ke6 36. Nxe5 Kxe5 37.
Re3+ {Black forfeits on time} 1-0

[Event "ICC Open 2015"]
[Site "Internet Chess Club"]
[Date "2015.05.30"]
[Round "5"]
[White "Poporovitch"]
[Black "tmunagala"]
[Result "1-0"]
[ICCResult "Black resigns"]
[WhiteElo "2033"]
[BlackElo "1777"]
[Opening "KP: Colorado counter"]
[ECO "B00"]
[NIC "VO.05"]
[Time "19:42:46"]
[TimeControl "180+0"]

1. e4 Nc6 2. Nf3 f5 3. exf5 d5 4. d4 Bxf5 5. Bb5 Bg4 6. O-O a6 7. Bxc6+ bxc6
8. Re1 Qd6 9. Qd3 Nf6 10. Ne5 g6 11. Bf4 Nh5 12. Bg5 Bf5 13. Qd1 Nf6 14. Nc3
Bg7 15. f3 O-O 16. Na4 Rab8 17. c3 Nd7 18. Nxd7 Bxd7 19. Bxe7 Qf4 20. Bxf8
Rxf8 21. Nc5 Bc8 22. Qe2 Qh4 23. g3 Qh5 24. f4 Bg4 25. Qe7 Bf6 26. Qxc7 Bf3
27. Re3 Rf7 28. Qxc6 Bg4 29. Rae1 Kg7 30. Ne6+ Bxe6 31. Qxe6 Qf5 32. Qxf5
gxf5 33. Re6 Kf8 34. Rxa6 Re7 35. Rxe7 Bxe7 36. Ra7 {Black resigns} 1-0

[Event "ICC Open 2015"]
[Site "Internet Chess Club"]
[Date "2015.05.30"]
[Round "5"]
[White "FedoseevVl95"]
[Black "Bacunamatata"]
[Result "0-1"]
[ICCResult "White forfeits on time"]
[WhiteElo "2984"]
[BlackElo "2776"]
[Opening "Ruy Lopez: closed defense"]
[ECO "C84"]
[NIC "RL.13"]
[Time "19:41:41"]
[TimeControl "180+0"]

1. e4 e5 2. Nf3 Nc6 3. Bb5 a6 4. Ba4 Nf6 5. O-O Be7 6. d3 d6 7. h3 b5 8. Bb3
Na5 9. Nc3 O-O 10. Bg5 c6 11. Re1 Nxb3 12. axb3 h6 13. Bh4 Qc7 14. d4 Bb7
15. Bg3 Nd7 16. b4 Rfe8 17. Qd2 Rad8 18. Rad1 Qb6 19. Qd3 Bc8 20. Ne2 Nf6
21. Nc3 exd4 22. Nxd4 c5 23. Nf3 cxb4 24. Ne2 Bb7 25. Ned4 Bf8 26. Nd2 d5
27. e5 Ne4 28. Bh2 Rc8 29. N2b3 Rc4 30. Re2 a5 31. Nf5 a4 32. Nbd4 Bc5 33.
Bf4 Qg6 34. g4 Kh7 35. Kg2 Bc8 36. f3 Ng5 37. h4 Ne6 38. Nxe6 fxe6 39. h5
Qxf5 40. gxf5 Rxf4 41. fxe6+ Kh8 42. Qxd5 Be7 43. Qc6 Rff8 44. Rd7 a3 45.
bxa3 bxa3 46. Qxb5 Bxd7 47. exd7 Rb8 48. Qd5 Rb2 49. Re1 Rxc2+ 50. Kg3 a2
51. Ra1 Bg5 52. Rxa2 Bf4+ 53. Kh3 Rxa2 54. Qxa2 Bxe5 55. Qe6 Bf6 56. Qe8 Rg8
57. Qf7 Rd8 58. Kg4 Kh7 {White forfeits on time} 0-1

[Event "ICC Open 2015"]
[Site "Internet Chess Club"]
[Date "2015.05.30"]
[Round "5"]
[White "reydelmambo"]
[Black "Qualm"]
[Result "1-0"]
[ICCResult "Black forfeits on time"]
[WhiteElo "1959"]
[BlackElo "1709"]
[Opening "English: Caro-Kann defensive system"]
[ECO "A12"]
[NIC "QP.09"]
[Time "19:42:51"]
[TimeControl "180+0"]

1. Nf3 d5 2. c4 c6 3. b3 e5 4. Nxe5 Qf6 5. Bb2 Nd7 6. d4 Bb4+ 7. Nd2 Nxe5 8.
dxe5 Qh6 9. e3 Be6 10. cxd5 Bxd5 11. a3 Bc5 12. b4 Bb6 13. Nf3 O-O-O 14. Qc2
Ne7 15. Be2 Rhg8 16. O-O-O g5 17. e4 Be6 18. Nd4 g4+ 19. Kb1 Qg6 20. f3 Rd7
21. Nxe6 fxe6 22. Rxd7 Kxd7 23. Rd1+ Kc8 24. Rd8+ {Black forfeits on time}
1-0

[Event "ICC Open 2015"]
[Site "Internet Chess Club"]
[Date "2015.05.30"]
[Round "5"]
[White "Piranha"]
[Black "jewels2"]
[Result "1-0"]
[ICCResult "Black forfeits on time"]
[WhiteElo "1700"]
[BlackElo "1323"]
[Opening "Vienna gambit"]
[ECO "C29"]
[NIC "VG.03"]
[Time "19:42:19"]
[TimeControl "180+0"]

1. e4 e5 2. Nc3 Nf6 3. f4 d5 4. fxe5 Nxe4 5. Nf3 Nc6 6. Qe2 Nxc3 7. dxc3 Bg4
8. Bf4 d4 9. O-O-O Bc5 10. Qc4 Bb6 11. cxd4 Bxf3 12. gxf3 Nxd4 13. c3 Qh4
14. Bg3 Qh6+ 15. f4 Nf5 16. Qe4 Nxg3 17. hxg3 Qc6 18. Qxc6+ bxc6 19. Bg2 Bf2
20. Bxc6+ Ke7 21. Bxa8 Rxa8 22. Rd3 Rd8 23. Rxd8 Kxd8 24. Kd2 Bxg3 25. Ke3
h6 26. Kf3 g5 27. Kxg3 gxf4+ 28. Kxf4 Ke7 29. Rxh6 c5 30. Ra6 Kd7 31. Rxa7+
Ke6 32. Ke4 f6 33. Ra6+ Ke7 34. exf6+ Kf7 35. Kf5 c4 36. Ra7+ Ke8 37. Ke6
{Black forfeits on time}
1-0

[Event "ICC Open 2015"]
[Site "Internet Chess Club"]
[Date "2015.05.30"]
[Round "5"]
[White "akibael"]
[Black "DMDIS"]
[Result "1-0"]
[ICCResult "Black forfeits on time"]
[WhiteElo "2342"]
[BlackElo "1870"]
[Opening "QGD Slav: 4.e3"]
[ECO "D11"]
[NIC "QP.09"]
[Time "19:42:24"]
[TimeControl "180+0"]

1. Nf3 d5 2. d4 c6 3. c4 Nf6 4. e3 g6 5. Nbd2 Bg7 6. Be2 O-O 7. O-O Nbd7 8.
b3 a5 9. Bb2 a4 10. Ne5 Qa5 11. Qc2 Ne8 12. f4 Ndf6 13. Bd3 Nd6 14. Bc3 Qd8
15. c5 Nf5 16. Rae1 h5 17. h3 h4 18. Ndf3 e6 19. b4 Nh5 20. a3 Nhg3 21. Rf2
Kh7 22. b5 Bd7 23. b6 f6 24. Ng4 Qe7 25. Kh2 Qf7 26. Nxh4 Nxh4 27. Kxg3 Nf5+
28. Kh2 Rh8 29. e4 dxe4 30. Bxe4 Kg8 31. Bd3 Rh5 32. Bc4 Ne7 33. Rfe2 Nd5
34. Bd2 Rf8 35. Nf2 f5 36. Qd3 Bf6 37. g3 Kg7 38. h4 Rfh8 39. Nh3 g5 40.
fxg5 {Black forfeits on time} 1-0

[Event "ICC Open 2015"]
[Site "Internet Chess Club"]
[Date "2015.05.30"]
[Round "5"]
[White "blackending"]
[Black "Gruble"]
[Result "1-0"]
[ICCResult "Black forfeits on time"]
[WhiteElo "1726"]
[BlackElo "1778"]
[Opening "Pirc defense"]
[ECO "B07"]
[NIC "PU.08"]
[Time "19:41:49"]
[TimeControl "180+0"]

1. e4 d6 2. d4 Nf6 3. Nc3 e5 4. d5 c6 5. Bg5 Be7 6. Bxf6 Bxf6 7. h3 O-O 8.
Nf3 cxd5 9. Nxd5 Nc6 10. c3 Be6 11. Nxf6+ Qxf6 12. Be2 Rad8 13. Qc1 d5 14.
exd5 Bxd5 15. O-O e4 16. Nd4 Nxd4 17. cxd4 Qxd4 18. Rd1 Qe5 19. Qe3 a6 20.
b3 Bc6 21. Rac1 f5 22. Rxd8 Rxd8 23. g3 Rf8 24. Rc5 Qa1+ 25. Kh2 Qxa2 26.
Bc4+ Kh8 27. Qd4 f4 28. gxf4 e3 29. Qxe3 Qb1 30. Bd5 Bxd5 31. Rxd5 Qf1 32.
Re5 Qd1 33. Re8 Qd6 34. Rxf8+ Qxf8 35. Qe5 h6 36. f5 Qd8 37. Kg3 Qg5+ 38.
Kf3 h5 39. Qe8+ {Black forfeits on time} 1-0

[Event "ICC Open 2015"]
[Site "Internet Chess Club"]
[Date "2015.05.30"]
[Round "5"]
[White "kurumania"]
[Black "faust"]
[Result "0-1"]
[ICCResult "White resigns"]
[WhiteElo "2853"]
[BlackElo "3199"]
[Opening "Grünfeld: exchange variation"]
[ECO "D85"]
[NIC "GI.04"]
[Time "19:42:15"]
[TimeControl "180+0"]

1. d4 Nf6 2. c4 g6 3. Nc3 d5 4. cxd5 Nxd5 5. e4 Nxc3 6. bxc3 Bg7 7. Bb5+ c6
8. Ba4 a5 9. Ne2 b5 10. Bb3 a4 11. Bc2 O-O 12. e5 c5 13. h4 b4 14. h5 bxc3
15. hxg6 fxg6 16. Bxa4 cxd4 17. Bb3+ Kh8 18. Nxd4 Bxe5 19. Be3 Ra6 20. Nf3
Bf6 21. Ke2 Bg4 22. Qxd8 Rxd8 23. Rad1 Rxd1 24. Rxd1 Nc6 25. Rd5 Kg7 26. Rc5
Nb4 27. a4 Bf5 28. Nd4 Bd3+ 29. Kf3 e5 30. Rc7+ Kf8 31. Ne6+ Ke8 32. Rxh7
e4+ 33. Kg4 Rc6 34. Nc7+ Kd8 35. Nb5 c2 36. Bc1 e3 37. fxe3 Bf5+ 38. Kf3 Nd3
39. Ba3 c1=Q 40. Bxc1 Rxc1 41. Nd4 Rf1+ 42. Ke2 Rf2+ 43. Kd1 Bg4+ 44. Nf3
Rxg2 45. Bd5 Bc3 46. Rh2 Rxh2 {White resigns} 0-1

[Event "ICC Open 2015"]
[Site "Internet Chess Club"]
[Date "2015.05.30"]
[Round "5"]
[White "BlueGreen"]
[Black "HaraldEskilstu"]
[Result "1-0"]
[ICCResult "Black checkmated"]
[WhiteElo "2554"]
[BlackElo "2066"]
[Opening "Réti v Dutch"]
[ECO "A04"]
[NIC "QP.11"]
[Time "19:42:07"]
[TimeControl "180+0"]

1. Nf3 f5 2. c4 Nf6 3. Nc3 g6 4. b3 Bg7 5. Bb2 O-O 6. g3 d6 7. Bg2 e5 8. O-O
Nc6 9. d4 e4 10. Ne1 d5 11. Nc2 Ne7 12. Ne3 c6 13. Rc1 Bh6 14. cxd5 Bxe3 15.
fxe3 Nexd5 16. Nxd5 Nxd5 17. Qd2 Qg5 18. Kf2 Be6 19. Ba3 Rfe8 20. Bd6 Qh6
21. h4 Qg7 22. Be5 Qd7 23. b4 a6 24. a4 Ne7 25. h5 g5 26. Rc5 h6 27. Kg1 Bd5
28. Bh3 g4 29. Bg2 Qe6 30. Rfc1 Kh7 31. b5 axb5 32. axb5 Ra3 33. bxc6 bxc6
34. Rb1 Rea8 35. Rb7 Ra2 36. Rc2 Rxc2 37. Qxc2 Ra1+ 38. Kh2 Ra8 39. Qc5 Re8
40. Bd6 Kg7 41. Rxe7+ Rxe7 42. Bxe7 Kf7 43. Bh4 Ke8 44. Qa7 Qd7 45. Qb8+ Kf7
46. Qe5 Qe6 47. Qf4 Ke8 48. Qb8+ Kf7 49. Qh8 Bc4 50. Qh7+ Ke8 51. Qc7 Bd5
52. Qb7 Kf8 53. Bf1 Ke8 54. Kg1 Kf8 55. Kf2 Qf7 56. Qb8+ Kg7 57. Qe5+ Kf8
58. Bf6 Qxh5 59. Qe7+ Kg8 60. Qg7# {Black checkmated} 1-0

[Event "ICC Open 2015"]
[Site "Internet Chess Club"]
[Date "2015.05.30"]
[Round "5"]
[White "RLH2"]
[Black "playwaycool"]
[Result "0-1"]
[ICCResult "White forfeits on time"]
[WhiteElo "2804"]
[BlackElo "2392"]
[Opening "Nimzovich-Larsen attack"]
[ECO "A01"]
[NIC "VO.08"]
[Time "19:42:10"]
[TimeControl "180+0"]

1. b3 c6 2. Bb2 d5 3. Nf3 Nf6 4. e3 g6 5. c4 dxc4 6. Bxc4 Bg7 7. O-O O-O 8.
Nc3 Nbd7 9. Rc1 Nb6 10. Be2 Nfd5 11. d4 Nxc3 12. Bxc3 Nd5 13. Ba1 Re8 14.
Qd2 Nf6 15. Rfd1 Ne4 16. Qc2 Nd6 17. Ne5 Be6 18. e4 f6 19. Nf3 Bf7 20. e5
Nc8 21. Qe4 Bd5 22. Qh4 Nb6 23. Bc3 a5 24. Bd2 a4 25. Rb1 axb3 26. axb3 Ra2
27. Qh3 Qd7 28. Qg3 Rea8 29. Bd3 Qe6 30. h4 Qf7 31. h5 gxh5 32. Nh4 Kh8 33.
Nf5 Rg8 34. Qh3 Bf8 35. g3 Bf3 36. Bh6 Bxd1 37. Rxd1 e6 38. Bxf8 Qxf8 39.
Nd6 f5 40. Qxh5 Rg7 41. Kg2 Nd5 42. Kf1 f4 43. g4 Ne3+ 44. Kg1 Nxd1 45. Ne4
Nxf2 46. Nxf2 f3 47. Qh6 Rf7 48. Qxe6 Ra1+ 49. Kh2 Qe7 50. Qh6 Qf8 51. Qh5
Rg7 52. Kg3 Qg8 53. Ne4 Rg1+ {White forfeits on time} 0-1

[Event "ICC Open 2015"]
[Site "Internet Chess Club"]
[Date "2015.05.30"]
[Round "5"]
[White "fviana"]
[Black "Dlugy"]
[Result "0-1"]
[ICCResult "White forfeits on time"]
[WhiteElo "2351"]
[BlackElo "2986"]
[Opening "Sicilian defense"]
[ECO "B20"]
[NIC "SI.48"]
[Time "19:42:31"]
[TimeControl "180+0"]

1. e4 c5 2. b3 Nf6 3. e5 Nd5 4. Bb2 e6 5. Nf3 Nc6 6. g3 Be7 7. Bg2 O-O 8.
O-O d6 9. exd6 Qxd6 10. Re1 Bf6 11. Bxf6 Nxf6 12. Nc3 Rd8 13. d3 b6 14. Ne4
Nxe4 15. dxe4 Qe7 16. Qe2 Bb7 17. c3 a5 18. a4 Ba6 19. Qc2 Bd3 20. Qb2 c4
21. Rad1 Qc5 22. bxc4 Bxc4 23. Nd4 e5 24. Nf5 g6 25. Ne3 Ne7 26. Rb1 Rab8
27. Rec1 h5 28. Nxc4 Qxc4 29. Qb5 Qe6 30. h4 Rd6 31. Rc2 Rc8 32. Bf1 Rc5 33.
Qb3 Qxb3 34. Rxb3 Nc8 35. f3 Kf8 36. Kf2 Ke7 37. Ke3 f6 38. Bb5 Rd1 39. Rd2
Rxd2 40. Kxd2 Kd6 41. Ke3 Kc7 42. Kd3 Nd6 43. Rb1 Nxb5 44. Rxb5 Rxb5 45.
axb5 Kd6 46. Kc4 f5 {White forfeits on time} 0-1

[Event "ICC Open 2015"]
[Site "Internet Chess Club"]
[Date "2015.05.30"]
[Round "5"]
[White "Cristhian-ator"]
[Black "paulleon"]
[Result "1-0"]
[ICCResult "Black checkmated"]
[WhiteElo "2545"]
[BlackElo "2090"]
[Opening "QGD: exchange, positional line"]
[ECO "D35"]
[NIC "QO.16"]
[Time "19:42:41"]
[TimeControl "180+0"]

1. c4 e6 2. Nc3 d5 3. d4 Nf6 4. cxd5 exd5 5. Bg5 Be7 6. e3 O-O 7. Qc2 c6 8.
Bd3 Nbd7 9. Nf3 Re8 10. O-O-O Nf8 11. Kb1 a5 12. h3 b5 13. g3 a4 14. Ne5 Bb7
15. f4 Qa5 16. Ne2 Rec8 17. g4 b4 18. Qd2 c5 19. dxc5 Rxc5 20. Nd4 Rac8 21.
Nf5 Qd8 22. Rc1 d4 23. exd4 Bxh1 24. Nxe7+ Qxe7 25. dxc5 Bd5 26. c6 Qe6 27.
Bf5 Be4+ 28. Bxe4 Nxe4 29. Qd4 Nxg5 30. fxg5 h6 31. gxh6 Qxh6 32. c7 Ne6 33.
Qxb4 Qxh3 34. Qe7 Qh7+ 35. Ka1 g6 36. a3 Qh6 37. Qxf7+ Kh8 38. Nxg6+ Qxg6
39. Rh1+ Qh6 40. Rxh6# {Black checkmated} 1-0

[Event "ICC Open 2015"]
[Site "Internet Chess Club"]
[Date "2015.05.30"]
[Round "5"]
[White "awesome5123"]
[Black "JArookie"]
[Result "0-1"]
[ICCResult "White checkmated"]
[WhiteElo "1557"]
[BlackElo "1896"]
[Opening "Scotch gambit: Dubois-Réti defense"]
[ECO "C55"]
[NIC "KP.02"]
[Time "19:41:52"]
[TimeControl "180+0"]

1. e4 e5 2. Nf3 Nc6 3. d4 exd4 4. Bc4 Nf6 5. e5 d5 6. exf6 dxc4 7. fxg7 Bxg7
8. O-O O-O 9. Nbd2 Be6 10. Ne4 Bd5 11. Ng3 Qf6 12. Bg5 Qg6 13. h4 h6 14. Bd2
Rae8 15. h5 Qg4 16. a3 Bxf3 17. Qxf3 Qxf3 18. gxf3 Ne5 19. Kg2 c5 20. b4 c3
21. Bf4 cxb4 22. axb4 a6 23. Rae1 Nc4 24. Rb1 Re6 25. b5 a5 26. Ra1 b6 27.
Rfe1 Rfe8 28. Rxe6 fxe6 29. Nf5 exf5 30. Rg1 Re2 31. Kh3 Rxf2 32. Bg3 Rxc2
33. Re1 Ne3 34. Bf4 Ng2 35. Be3 dxe3 36. Rxe3 Nxe3 37. f4 Rc1 38. Kh4 Nd5
39. Kg3 Nxf4 40. Kh4 Kf7 41. Kg3 Be5 42. Kh4 Kf6 43. Kg3 Nd3+ 44. Kh4 Rh1#
{White checkmated}
0-1